 Dungeon Crawl Stone Soup version 0.27-a0-1083-gcf8293e1eb (webtiles) character file.

Game seed: 6006069348642631917

153 EnegeticOcto the Ruffian (level 5, 0/53 HPs)
             Began as a Troll Fighter on Apr 26, 2021.
             Was an Initiate of Ashenzari.
             Succumbed to a water moccasin's poison
             ... on level 5 of the Dungeon.
             The game lasted 00:02:15 (309 turns).

EnegeticOcto the Ruffian (Troll Fighter)             Turns: 309, Time: 00:02:16

Health: 0/53       AC:  4    Str: 25    XL:     5   Next: 12%
Magic:  4/4        EV:  7    Int:  4    God:    Ashenzari [......]
Gold:   10         SH:  8    Dex:  9    Spells: 4/4 levels left

rFire    . . .     SeeInvis .     - Unarmed
rCold    . . .     Faith    .   b - +0 kite shield of the Sidereal Sage {Melee, Evo} (curse)
rNeg     . . .     Spirit   .   a - +0 robe
rPois    .         Reflect  .   (helmet restricted)
rElec    .         Harm     .   (no cloak)
rCorr    .         Rampage  .   (gloves unavailable)
Will     .....                  (boots unavailable)
Stlth    +.........             (no amulet)
HPRegen  1.17/turn              (no ring)
MPRegen  0.09/turn              (no ring)

@: lethally poisoned (0 -> -1)
A: large, unfitting armour, claws 3, regeneration 1, shaggy fur 1, tough skin 1
a: Renounce Religion, Shatter the Chains


You were on level 5 of the Dungeon.
You worshipped Ashenzari.
Ashenzari was noncommittal.
You visited 1 branch of the dungeon, and saw 5 of its levels.

You collected 10 gold pieces.

Inventory:

Armour
 a - a +0 robe (worn)
 b - the cursed +0 kite shield of the Sidereal Sage (worn) {Melee, Evo}

   It has a curse which improves the following skills: Melee Combat: Short
   Blades, Long Blades, Axes, Maces & Flails, Polearms, Staves and Unarmed
   Combat.
   Evocations: Evocations.
Scrolls
 d - a scroll of torment
 e - a scroll of silence
Potions
 c - a potion of might {@q3 !q}


   Skills:
 + Level 3.2 Fighting
 - Level 2.4 Dodging
 - Level 2.4 Shields
 * Level 4.7(5.2) Unarmed Combat


You had 4 spell levels left.
You didn't know any spells.
Your spell library was empty.

Dungeon Overview and Level Annotations

Branches:
Dungeon (5/15)
 Temple: D:4-7

Altars:
Ashenzari

Shops:
D:1 :


Innate Abilities, Weirdness & Mutations

You are too large for most types of armour.
You have claws for hands.
Your natural rate of healing is unusually fast.
You are covered in fur. (AC +1)
You have tough skin. (AC +1)


Message History

Ijyb hits you with a +0 club.
* * * LOW HITPOINT WARNING * * *
Ijyb hits you with a +0 club.
* * * LOW HITPOINT WARNING * * *
The scorpion moves out of view.
You barely miss Ijyb.
Ijyb is almost dead.
An adder comes into view.
Ijyb hits you with a +0 club.
* * * LOW HITPOINT WARNING * * *
You barely miss Ijyb.
Ijyb is almost dead.
You block Ijyb's attack.
The adder hisses angrily.
You claw Ijyb!
You kill Ijyb!
Your Fighting skill increases to level 3!
A water moccasin comes into view.
The water moccasin hisses angrily.
You scratch the gnoll.
The gnoll is moderately wounded.
You block the gnoll's attack.
You closely miss the gnoll.
The gnoll is moderately wounded.
The gnoll barely misses you. The gnoll hits you with a +0 whip!
* * * LOW HITPOINT WARNING * * *
You mangle the gnoll!!
You kill the gnoll!
You aren't carrying any items that you can evoke.
Unknown command.
A hound comes into view.
A bullfrog skeleton comes into view.
The hound barely misses you.
Found a scroll of fear.
The hound completely misses you. The hound bites you but does no damage.
The hound bites you.
The bullfrog skeleton completely misses you.
You block the bullfrog skeleton's attack.
You block the hound's attack.
The white imp laughs crazily.
The hound bites you.
You scratch the hound.
The hound is lightly wounded.
The hound bites you.
* * * LOW HITPOINT WARNING * * *
You block the hound's attack.
You mangle the hound!!
You kill the hound!
You barely miss the gnoll. You block the gnoll's attack.
The gnoll hits you with a +0 flail!
* * * LOW HITPOINT WARNING * * *
You claw the gnoll!
The gnoll is severely wounded.
The gnoll barely misses you.
You scratch the gnoll.
The gnoll is severely wounded.
You block the gnoll's attack.
You barely miss the gnoll.
The gnoll is severely wounded.
The white imp sputters.
You block the gnoll's attack.
Your shield prevents you from hitting the gnoll.
The gnoll is severely wounded.
You block the gnoll's attack.
You barely miss the gnoll.
The gnoll is severely wounded.
You block the gnoll's attack.
You claw the gnoll!
You kill the gnoll!
You have reached level 5!
You barely miss the white imp. The white imp completely misses you.
You scratch the white imp.
The white imp is heavily wounded.
The white imp hits you but does no damage.
You scratch the white imp but do no damage.
The white imp is heavily wounded.
The white imp barely misses you. The white imp gestures at you.
The puff of frost hits you!
* * * LOW HITPOINT WARNING * * *
You claw the white imp!
You kill the white imp!
The water moccasin bites you.
* * * LOW HITPOINT WARNING * * *
You closely miss the water moccasin. You block the water moccasin's attack.
You closely miss the water moccasin. The water moccasin bites you.
* * * LOW HITPOINT WARNING * * *
You are poisoned.
The water moccasin poisons you! The water moccasin bites you.
* * * LOW HITPOINT WARNING * * *
You completely miss the water moccasin.
* * * LOW HITPOINT WARNING * * *
You feel very sick. The water moccasin bites you.
* * * LOW HITPOINT WARNING * * *
You block the water moccasin's attack.
Okay, then.
Okay, then.
You barely miss the water moccasin.
You die...

#....<..sS)S5.#####...
#<.......#####Wsg....#.
##........# #####.....
#.......(.# #.5.s.####
.......#..# #.#####
.......##.#####.#
......) #...#...##
.......####......#
.......@SsZ......#
......?##W.......#
....... ####.....#
....... #.....# .......
#.....# ####### #######


You could see a phantom, a water moccasin, a scorpion and a bullfrog skeleton.

Vanquished Creatures
  A howler monkey (D:5)
  A hound (D:5)
  Ijyb (D:5)
  3 gnolls (D:5)
  A white imp (D:5)
  An orc (D:3)
  A bat (D:2)
  4 endoplasms
  2 goblins (D:2)
  3 hobgoblins
  A quokka (D:1)
  2 ball pythons
  A frilled lizard (D:1)
  2 kobolds (D:3)
  3 rats
27 creatures vanquished.

Vanquished Creatures (others)
  6 plants (D:2)
  A withered plant (D:2)
7 creatures vanquished.

Grand Total: 34 creatures vanquished

Notes
Turn   | Place    | Note
-------+----------+-------------------------------------------
     0 | D:1      | EnegeticOcto the Troll Fighter began the quest for the Orb.
     0 | D:1      | Reached XP level 1. HP: 22/22 MP: 0/0
    61 | D:1      | Found Mosuacsu's Book Shop.
    89 | D:2      | Found a faded altar of an unknown god.
   112 | D:2      | Became a worshipper of Ashenzari the Shackled
   128 | D:2      | Reached XP level 2. HP: 29/29 MP: 1/1
   156 | D:2      | Reached skill level 3 in Unarmed Combat
   173 | D:3      | HP: 1/29 [orc/+0 war axe (11)]
   237 | D:5      | Entered Level 5 of the Dungeon
   237 | D:5      | Noticed a howler monkey
   247 | D:5      | Noticed a scorpion
   248 | D:5      | Reached XP level 3. HP: 36/36 MP: 2/2
   251 | D:5      | Noticed a phantom
   256 | D:5      | Noticed Ijyb
   262 | D:5      | Reached skill level 4 in Unarmed Combat
   262 | D:5      | Reached XP level 4. HP: 15/44 MP: 3/3
   271 | D:5      | Noticed a scorpion
   274 | D:5      | Killed Ijyb
   275 | D:5      | Reached skill level 3 in Fighting
   275 | D:5      | Noticed a water moccasin
   302 | D:5      | Reached XP level 5. HP: 18/53 MP: 4/4
   308 | D:5      | HP: 1/53 [water moccasin (2)]
   309 | D:5      | Succumbed to a water moccasin's poison

Illustrated notes

Levels and vault maps discovered:
D:1:      scummos_arrival_hexagon, layout_basic, serial_shops,
          nicolae_shop_statue_plus, amcnicky_mini_corridor_feature
D:2:      layout_rooms, shapermc_ecumenical_altar_flowoftime, uniq_terence
D:3:      layout_loops_ring, nrook_uturn, minmay_unequal, uniq_grinder
D:4:      layout_basic, minmay_temple_entry_gardened_gates,
          corexii_leaking_fountain
D:5:      layout_rooms, minmay_misc_feat_rows, uniq_ijyb,
          uniq_crazy_yiuf_cottage

Skill      XL: |  1  2  3  4 |
---------------+-------------+-----
Unarmed Combat | 3 4 |  4.7
Fighting       | 3 |  3.2
Dodging        | |  2.4
Shields        | |  2.4

Action                   |  1- 3 |  4- 6 || total
-------------------------+-------+-------++-------
Melee: Unarmed           |    84 |    29 ||   113
Invok: Curse Item        |     1 |       ||     1
Armor: Robe              |    19 |     5 ||    24
Dodge: Dodged            |    20 |     8 ||    28
Block: Kite shield       |    30 |    16 ||    46

Table legend: (Time is in decaauts)
 A = Elapsed time spent in this place.
 B = Non-inter-level travel time spent in this place.
 C = Inter-level travel time spent in this place.
 D = Time resting spent in this place.
 E = Time spent auto-exploring this place.
 F = Levels seen in this place.
 G = Mean time per level.
                   A        B        C        D        E       F      G
               +--------+--------+--------+--------+--------+-----+--------+
         Total |    327 |    321 |      6 |      0 |      0 |   5 |   65.4 |
       Dungeon |    327 |    321 |      6 |      0 |      0 |   5 |   65.4 |
               +--------+--------+--------+--------+--------+-----+--------+

Top non-repeatable levels by time:
     D:2: 99 daAuts
     D:5: 78 daAuts
     D:1: 74 daAuts
     D:3: 46 daAuts
     D:4: 30 daAuts
